[ AOE2 MATCH · #479779758 ]
UnrankedMongols vs Muisca
[ REPLAY ANALYSIS · EXTRACTED FROM THE RECORDED GAME ]
Feudal
13:39
Castle
17:13
Imperial
—
| APM avg | 29.5 |
| APM peak | 84 |
| eAPM avg | 14.4 |
| Villagers / military | 36 / 21 |
Focus
⚔️ 41.9% · 🌾 58.1%
Mangudai ×19 · Battering Ram ×2
Feudal
12:37
Castle
22:01
Imperial
—
| APM avg | 28.0 |
| APM peak | 74 |
| eAPM avg | 11.0 |
| Villagers / military | 51 / 0 |
Focus
⚔️ 22.6% · 🌾 77.4%
Unknown (2550) ×10
Feudal
14:26
Castle
21:57
Imperial
—
| APM avg | 22.7 |
| APM peak | 60 |
| eAPM avg | 8.2 |
| Villagers / military | 31 / 11 |
Focus
⚔️ 33.1% · 🌾 66.9%
Archer ×8 · Militia ×3
Feudal
14:30
Castle
18:29
Imperial
—
| APM avg | 18.0 |
| APM peak | 42 |
| eAPM avg | 11.7 |
| Villagers / military | 47 / 36 |
Focus
⚔️ 31.5% · 🌾 68.5%
Cavalry Archer ×36
Feudal
13:03
Castle
—
Imperial
—
| APM avg | 26.0 |
| APM peak | 70 |
| eAPM avg | 10.7 |
| Villagers / military | 32 / 9 |
Focus
⚔️ 28.4% · 🌾 71.6%
Archer ×9
Feudal
13:37
Castle
17:22
Imperial
—
| APM avg | 25.1 |
| APM peak | 44 |
| eAPM avg | 17.6 |
| Villagers / military | 118 / 14 |
Focus
⚔️ 16.5% · 🌾 83.5%
Battering Ram ×6 · Berserk ×4 · Monk ×2 · Petard ×2
Feudal
15:12
Castle
19:09
Imperial
—
| APM avg | 27.7 |
| APM peak | 54 |
| eAPM avg | 15.1 |
| Villagers / military | 66 / 37 |
Focus
⚔️ 33.2% · 🌾 66.8%
Rattan Archer ×36 · Fishing Ship ×8 · Demolition Raft ×1
Feudal
13:15
Castle
16:47
Imperial
—
| APM avg | 59.8 |
| APM peak | 181 |
| eAPM avg | 31.1 |
| Villagers / military | 111 / 27 |
Focus
⚔️ 49.7% · 🌾 50.3%
Gbeto ×27
Match map
Initial resources + every placement click. Lines = walls · curves = elevation contours. ◆ gold · ⬟ stone · ● berries · ✦ relic · ◌ wall gap
Your base· Open — 9t gap
Viva Cristo's base· Open — 11t gap
RomaSaga's base· Open — unwalled flank
AAOE | khermir's base· Open — unwalled flank
Bad Panda's base· ✓ Closed at 21:07 · 36t walls · no gate
Redlash's base· Open — unwalled flank
llllllllllllllll's base· Open — unwalled flank
Manuel hormigaiper's base· Open — unwalled flank
Smoothed initial terrain · ◌ = detected wall gap · hover for details
Inputs per minute
— Joaquin12 - - Viva Cristo
Build order — Joaquin12
83 actions detected in the replay
| 0:25 | Build | Town Center |
| 2:39 | Build | House |
| 2:40 | Build | House |
| 2:44 | Create | Villager (Male) ×4 |
| 4:09 | Create | Villager (Male) |
| 4:49 | Create | Villager (Male) |
| 4:54 | Build | Lumber Camp |
| 5:14 | Create | Villager (Male) |
| 5:29 | Create | Villager (Male) |
| 5:34 | Create | Villager (Male) |
| 5:47 | Create | Villager (Male) |
| 6:25 | Create | Villager (Male) ×2 |
| 6:59 | Build | House |
| 7:00 | Build | House |
| 7:03 | Create | Villager (Male) ×3 |
| 7:32 | Create | Villager (Male) |
| 8:14 | Create | Villager (Male) |
| 8:39 | Build | Mill |
| 8:53 | Create | Villager (Male) ×3 |
| 9:04 | Build | House |
| 9:05 | Build | House |
| 9:51 | Research | Loom |
| 9:56 | Build | House |
| 10:34 | Create | Villager (Male) |
| 10:42 | Create | Villager (Male) |
| 10:42 | Research | Feudal Age |
| 11:05 | Build | Mining Camp |
| 13:39 | Age | Feudal Age |
| 13:42 | Build | Market |
| 13:51 | Build | Blacksmith |
| 14:01 | Create | Villager (Male) |
| 14:02 | Create | Villager (Male) |
| 14:33 | Research | Castle Age |
| 14:39 | Build | Palisade Wall |
| 14:41 | Build | Palisade Wall |
| 14:43 | Build | Palisade Wall |
| 14:47 | Build | Palisade Wall |
| 14:48 | Build | Palisade Wall |
| 14:50 | Build | Palisade Wall |
| 15:11 | Build | House |
| 15:13 | Build | House |
| 15:17 | Build | House |
| 15:21 | Build | House |
| 15:24 | Build | Palisade Wall |
| 15:56 | Build | Outpost |
| 16:41 | Build | Outpost |
| 17:13 | Age | Castle Age |
| 17:25 | Build | Castle |
| 18:23 | Build | Mining Camp |
| 18:29 | Build | Siege Workshop |
| 18:40 | Create | Villager (Male) ×5 |
| 18:58 | Research | Double-Bit Axe |
| 19:18 | Create | Mangudai |
| 20:00 | Create | Battering Ram |
| 20:22 | Research | Fletching |
| 20:22 | Research | Fletching |
| 20:34 | Create | Mangudai |
| 20:55 | Create | Mangudai |
| 21:08 | Research | Bodkin Arrow |
| 21:27 | Create | Villager (Male) |
| 21:28 | Create | Villager (Male) |
| 21:49 | Create | Mangudai |
| 21:52 | Create | Mangudai |
| 22:24 | Create | Mangudai |
| 23:36 | Create | Mangudai ×4 |
| 25:04 | Create | Mangudai ×5 |
| 25:21 | Build | Mining Camp |
| 26:02 | Create | Mangudai |
| 26:30 | Create | Villager (Male) |
| 26:30 | Create | Villager (Male) |
| 26:31 | Create | Villager (Male) |
| 26:31 | Create | Villager (Male) |
| 26:40 | Research | Padded Archer Armor |
| 27:15 | Create | Mangudai ×3 |
| 27:37 | Create | Battering Ram |
| 27:52 | Create | Villager (Male) |
| 28:15 | Build | Town Center |
| 28:37 | Build | Outpost |
| 28:38 | Build | Outpost |
| 29:37 | Build | Outpost |
| 29:41 | Build | Outpost |
| 29:50 | Research | Town Watch |
| 30:30 | Build | Castle |
Build order — Viva Cristo
98 actions detected in the replay
| 0:15 | Build | Town Center |
| 1:12 | Build | House |
| 1:13 | Build | House |
| 2:29 | Create | Villager (Male) |
| 2:29 | Create | Villager (Male) |
| 2:29 | Create | Villager (Male) |
| 2:29 | Create | Villager (Male) |
| 3:29 | Create | Villager (Male) |
| 4:05 | Create | Villager (Male) |
| 4:05 | Create | Villager (Male) |
| 4:42 | Create | Villager (Male) |
| 4:42 | Create | Villager (Male) |
| 4:53 | Research | Loom |
| 5:00 | Create | Villager (Male) |
| 5:01 | Create | Villager (Male) |
| 5:20 | Build | Settlement |
| 5:22 | Create | Villager (Male) |
| 5:22 | Create | Villager (Male) |
| 5:45 | Create | Villager (Male) |
| 5:45 | Create | Villager (Male) |
| 6:10 | Create | Villager (Male) |
| 6:39 | Create | Villager (Male) |
| 6:39 | Create | Villager (Male) |
| 7:10 | Create | Villager (Male) |
| 7:10 | Create | Villager (Male) |
| 7:20 | Create | Villager (Male) |
| 7:20 | Create | Villager (Male) |
| 7:43 | Create | Villager (Male) |
| 7:43 | Create | Villager (Male) |
| 7:52 | Create | Villager (Male) |
| 7:53 | Create | Villager (Male) |
| 8:39 | Create | Villager (Male) |
| 8:39 | Create | Villager (Male) |
| 8:39 | Create | Villager (Male) |
| 8:42 | Build | House |
| 8:43 | Build | House |
| 8:51 | Create | Villager (Male) |
| 8:51 | Create | Villager (Male) |
| 9:14 | Create | Villager (Male) |
| 9:14 | Create | Villager (Male) |
| 9:18 | Build | Barracks |
| 9:55 | Create | Villager (Male) |
| 9:55 | Create | Villager (Male) |
| 10:18 | Build | Settlement |
| 10:27 | Research | Feudal Age |
| 10:52 | Create | Unit 2550 |
| 11:01 | Create | Unit 2550 |
| 11:35 | Create | Unit 2550 |
| 11:58 | Create | Unit 2550 |
| 12:37 | Age | Feudal Age |
| 12:39 | Build | Blacksmith |
| 12:40 | Research | Tech 1402 |
| 12:44 | Create | Villager (Male) |
| 12:45 | Create | Villager (Male) |
| 12:53 | Research | Double-Bit Axe |
| 13:11 | Create | Unit 2550 |
| 13:22 | Create | Unit 2550 |
| 13:28 | Research | Forging |
| 13:38 | Create | Unit 2550 |
| 13:42 | Create | Villager (Male) |
| 14:00 | Create | Unit 2550 |
| 14:04 | Create | Villager (Male) |
| 14:17 | Build | Farm |
| 14:17 | Create | Villager (Male) |
| 14:34 | Create | Unit 2550 |
| 14:37 | Build | Farm |
| 14:37 | Create | Villager (Male) |
| 14:53 | Create | Villager (Male) |
| 15:00 | Build | Farm |
| 15:01 | Create | Villager (Male) |
| 15:25 | Build | Farm |
| 15:26 | Create | Villager (Male) |
| 15:32 | Build | Settlement |
| 16:06 | Build | Farm |
| 16:06 | Build | Farm |
| 16:07 | Build | Farm |
| 16:14 | Create | Villager (Male) |
| 16:32 | Create | Villager (Male) |
| 16:43 | Create | Unit 2550 |
| 17:21 | Build | Farm |
| 17:22 | Build | Farm |
| 17:28 | Create | Villager (Male) |
| 17:38 | Build | House |
| 17:38 | Build | House |
| 18:28 | Build | Market |
| 18:30 | Create | Villager (Male) |
| 19:22 | Research | Castle Age |
| 19:22 | Research | Castle Age |
| 20:03 | Build | Settlement |
| 22:01 | Age | Castle Age |
| 22:08 | Research | Squires |
| 22:09 | Research | Tech 1351 |
| 22:20 | Build | Barracks |
| 22:21 | Build | Barracks |
| 22:28 | Build | Town Center |
| 22:34 | Create | Villager (Male) |
| 22:35 | Create | Villager (Male) |
| 22:35 | Create | Villager (Male) |
Build order — RomaSaga
78 actions detected in the replay
| 0:12 | Build | Town Center |
| 0:26 | Build | House |
| 0:43 | Build | House |
| 2:38 | Create | Villager (Male) |
| 2:38 | Create | Villager (Male) |
| 2:38 | Create | Villager (Male) |
| 2:39 | Create | Villager (Male) |
| 2:39 | Create | Villager (Male) |
| 4:16 | Create | Villager (Male) |
| 4:16 | Create | Villager (Male) |
| 4:17 | Create | Villager (Male) |
| 4:56 | Build | Lumber Camp |
| 5:29 | Build | House |
| 5:31 | Build | House |
| 5:34 | Create | Villager (Male) |
| 5:34 | Create | Villager (Male) |
| 5:47 | Create | Villager (Male) |
| 5:47 | Create | Villager (Male) |
| 5:48 | Create | Villager (Male) |
| 6:14 | Create | Villager (Male) |
| 6:30 | Build | House |
| 6:33 | Build | Palisade Wall |
| 6:43 | Create | Villager (Male) |
| 6:43 | Create | Villager (Male) |
| 7:08 | Create | Villager (Male) |
| 7:16 | Build | Palisade Wall |
| 7:17 | Build | Palisade Wall |
| 7:18 | Build | Palisade Wall |
| 7:47 | Create | Villager (Male) |
| 8:10 | Build | Mill |
| 8:13 | Create | Villager (Male) |
| 8:50 | Create | Villager (Male) |
| 8:51 | Create | Villager (Male) |
| 9:12 | Create | Villager (Male) |
| 9:32 | Build | Barracks |
| 9:34 | Create | Villager (Male) |
| 9:53 | Create | Villager (Male) |
| 10:14 | Create | Villager (Male) |
| 10:16 | Create | Militia |
| 10:17 | Create | Militia |
| 10:54 | Create | Militia |
| 11:23 | Create | Villager (Male) |
| 11:45 | Create | Villager (Male) |
| 12:02 | Create | Villager (Male) |
| 12:10 | Research | Feudal Age |
| 12:10 | Research | Feudal Age |
| 12:59 | Build | House |
| 13:01 | Build | House |
| 13:09 | Build | House |
| 13:10 | Build | House |
| 13:12 | Build | House |
| 13:36 | Build | Mining Camp |
| 13:48 | Build | Farm |
| 13:50 | Build | Farm |
| 14:26 | Age | Feudal Age |
| 14:35 | Build | Archery Range |
| 14:50 | Build | Archery Range |
| 15:23 | Create | Archer |
| 15:23 | Create | Archer |
| 15:37 | Build | Blacksmith |
| 15:39 | Create | Villager (Male) |
| 15:39 | Research | Loom |
| 16:29 | Build | Farm |
| 16:33 | Create | Archer |
| 16:33 | Create | Archer |
| 16:35 | Create | Villager (Male) |
| 16:41 | Build | Farm |
| 17:04 | Create | Archer |
| 17:04 | Create | Archer |
| 17:24 | Build | Farm |
| 17:27 | Create | Villager (Male) |
| 18:30 | Build | Market |
| 19:17 | Research | Castle Age |
| 19:18 | Research | Castle Age |
| 20:03 | Build | Mill |
| 20:16 | Create | Archer |
| 20:17 | Create | Archer |
| 21:57 | Age | Castle Age |
Build order — AAOE | khermir
138 actions detected in the replay
| 0:17 | Build | Town Center |
| 0:49 | Build | Town Center |
| 1:58 | Build | House |
| 3:35 | Create | Villager (Male) ×4 |
| 4:27 | Create | Villager (Male) |
| 4:58 | Create | Villager (Male) |
| 5:19 | Build | Lumber Camp |
| 5:25 | Create | Villager (Male) |
| 5:40 | Create | Villager (Male) |
| 5:50 | Build | House |
| 6:01 | Create | Villager (Male) |
| 6:27 | Create | Villager (Male) |
| 6:49 | Create | Villager (Male) |
| 7:14 | Create | Villager (Male) |
| 7:24 | Build | Mill |
| 7:58 | Build | House |
| 8:21 | Create | Villager (Male) |
| 8:37 | Create | Villager (Male) |
| 9:07 | Create | Villager (Male) |
| 9:14 | Create | Villager (Male) |
| 9:15 | Create | Villager (Male) |
| 9:21 | Research | Loom |
| 9:50 | Build | House |
| 9:54 | Build | Palisade Gate |
| 10:08 | Create | Villager (Male) |
| 10:09 | Create | Villager (Male) |
| 10:38 | Create | Villager (Male) |
| 10:51 | Build | House |
| 10:54 | Build | Palisade Wall |
| 11:34 | Build | Mining Camp |
| 11:36 | Research | Loom |
| 11:37 | Research | Feudal Age |
| 12:16 | Create | Villager (Male) |
| 12:16 | Create | Villager (Male) |
| 12:43 | Build | Barracks |
| 12:46 | Build | House |
| 14:30 | Age | Feudal Age |
| 14:32 | Build | Blacksmith |
| 14:38 | Build | Archery Range |
| 15:49 | Research | Castle Age |
| 15:51 | Create | Villager (Male) |
| 16:32 | Build | Archery Range |
| 16:35 | Build | House |
| 16:37 | Build | Palisade Wall |
| 16:46 | Research | Fletching |
| 17:36 | Research | Gold Mining |
| 18:29 | Age | Castle Age |
| 18:32 | Research | Bodkin Arrow |
| 18:33 | Create | Cavalry Archer |
| 18:34 | Create | Cavalry Archer |
| 18:37 | Create | Villager (Male) |
| 18:42 | Research | Double-Bit Axe |
| 18:51 | Create | Cavalry Archer |
| 18:59 | Create | Cavalry Archer |
| 19:12 | Create | Villager (Male) |
| 19:17 | Create | Cavalry Archer |
| 19:22 | Create | Villager (Male) |
| 19:36 | Create | Cavalry Archer |
| 19:39 | Create | Villager (Male) |
| 19:52 | Create | Villager (Male) |
| 19:55 | Create | Cavalry Archer |
| 20:53 | Create | Villager (Male) |
| 20:55 | Create | Cavalry Archer |
| 20:55 | Create | Cavalry Archer |
| 20:55 | Create | Villager (Male) |
| 21:05 | Build | Town Center |
| 21:07 | Create | Cavalry Archer |
| 21:19 | Create | Villager (Male) |
| 21:28 | Create | Cavalry Archer |
| 21:46 | Create | Villager (Male) |
| 21:49 | Create | Cavalry Archer |
| 21:54 | Build | House |
| 22:01 | Create | Villager (Male) |
| 22:12 | Create | Cavalry Archer |
| 22:22 | Build | House |
| 22:39 | Build | University |
| 22:49 | Create | Cavalry Archer |
| 22:49 | Create | Cavalry Archer |
| 23:16 | Build | House |
| 23:18 | Research | Wheelbarrow |
| 23:32 | Create | Cavalry Archer |
| 23:34 | Build | House |
| 23:45 | Build | House |
| 23:52 | Create | Cavalry Archer |
| 23:57 | Build | Farm |
| 24:08 | Create | Cavalry Archer |
| 24:14 | Build | House |
| 24:19 | Create | Cavalry Archer |
| 24:20 | Create | Cavalry Archer |
| 24:20 | Create | Cavalry Archer |
| 24:35 | Build | Stable |
| 24:46 | Build | House |
| 24:55 | Build | Mill |
| 24:59 | Create | Villager (Male) |
| 25:15 | Create | Cavalry Archer |
| 25:43 | Research | Ballistics |
| 25:54 | Create | Cavalry Archer |
| 25:55 | Create | Villager (Male) |
| 26:30 | Build | Market |
| 26:32 | Create | Villager (Male) |
| 26:34 | Create | Villager (Male) |
| 26:36 | Create | Cavalry Archer |
| 26:36 | Create | Cavalry Archer |
| 26:37 | Create | Cavalry Archer |
| 26:53 | Build | House |
| 26:58 | Build | Farm |
| 27:03 | Build | Farm |
| 27:06 | Create | Cavalry Archer |
| 27:14 | Build | Farm |
| 27:29 | Build | House |
| 27:29 | Create | Villager (Male) |
| 27:38 | Research | Bloodlines |
| 27:56 | Create | Villager (Male) |
| 27:59 | Build | House |
| 28:05 | Build | Town Center |
| 28:11 | Research | Padded Archer Armor |
| 28:23 | Create | Cavalry Archer |
| 28:24 | Create | Cavalry Archer |
| 28:24 | Create | Cavalry Archer |
| 28:30 | Build | House |
| 28:59 | Create | Villager (Male) |
| 29:01 | Build | House |
| 29:02 | Create | Cavalry Archer |
| 29:03 | Create | Cavalry Archer |
| 29:03 | Create | Cavalry Archer |
| 29:12 | Create | Villager (Male) |
| 29:14 | Build | House |
| 29:16 | Create | Villager (Male) |
| 29:17 | Create | Cavalry Archer |
| 29:18 | Create | Cavalry Archer |
| 29:18 | Create | Cavalry Archer |
| 30:13 | Build | Archery Range |
| 30:18 | Create | Villager (Male) |
| 30:18 | Create | Villager (Male) |
| 30:19 | Research | Town Watch |
| 30:22 | Create | Villager (Male) |
| 30:22 | Create | Villager (Male) |
| 30:29 | Create | Villager (Male) |
Build order — Bad Panda
84 actions detected in the replay
| 0:14 | Build | Town Center |
| 2:13 | Build | House |
| 2:15 | Build | House |
| 2:42 | Create | Villager (Male) |
| 2:42 | Create | Villager (Male) |
| 2:42 | Create | Villager (Male) |
| 2:43 | Create | Villager (Male) |
| 2:56 | Research | Loom |
| 2:57 | Create | Villager (Male) |
| 2:57 | Create | Villager (Male) |
| 2:57 | Create | Villager (Male) |
| 3:54 | Create | Villager (Male) |
| 4:25 | Create | Villager (Male) |
| 4:35 | Build | House |
| 5:00 | Create | Villager (Male) |
| 5:17 | Build | House |
| 5:48 | Create | Villager (Male) |
| 5:49 | Create | Villager (Male) |
| 5:49 | Create | Villager (Male) |
| 5:54 | Build | House |
| 5:55 | Build | House |
| 6:04 | Build | House |
| 6:20 | Create | Villager (Male) |
| 6:21 | Create | Villager (Male) |
| 6:41 | Create | Villager (Male) |
| 7:01 | Create | Villager (Male) |
| 7:37 | Create | Villager (Male) |
| 8:04 | Create | Villager (Male) |
| 8:32 | Build | House |
| 9:04 | Create | Villager (Male) |
| 9:53 | Build | Mining Camp |
| 10:08 | Build | Lumber Camp |
| 10:28 | Create | Villager (Male) |
| 10:47 | Research | Feudal Age |
| 11:31 | Build | Barracks |
| 12:21 | Build | House |
| 12:22 | Build | House |
| 12:26 | Build | Palisade Wall |
| 12:30 | Build | Palisade Wall |
| 12:34 | Build | House |
| 12:44 | Build | House |
| 13:03 | Age | Feudal Age |
| 13:06 | Create | Villager (Male) |
| 13:06 | Create | Villager (Male) |
| 13:10 | Build | Archery Range |
| 13:14 | Research | Double-Bit Axe |
| 13:34 | Create | Villager (Male) |
| 13:47 | Create | Archer |
| 13:48 | Create | Archer |
| 14:03 | Build | Archery Range |
| 14:13 | Build | Palisade Wall |
| 14:16 | Create | Villager (Male) |
| 14:27 | Create | Archer |
| 14:32 | Create | Villager (Male) |
| 14:43 | Create | Archer |
| 14:43 | Create | Archer |
| 14:51 | Build | Palisade Wall |
| 15:08 | Build | Blacksmith |
| 15:17 | Create | Villager (Male) |
| 15:17 | Create | Villager (Male) |
| 15:26 | Create | Archer |
| 15:26 | Create | Archer |
| 15:53 | Research | Fletching |
| 15:54 | Create | Archer |
| 15:54 | Create | Archer |
| 15:57 | Create | Villager (Male) |
| 16:02 | Build | Palisade Wall |
| 16:44 | Create | Villager (Male) |
| 16:45 | Create | Villager (Male) |
| 17:49 | Build | Mill |
| 18:09 | Build | Market |
| 18:14 | Create | Villager (Male) |
| 18:21 | Build | Mining Camp |
| 19:16 | Build | House |
| 19:17 | Build | House |
| 19:18 | Build | House |
| 19:21 | Build | House |
| 19:23 | Build | House |
| 20:08 | Build | House |
| 20:11 | Build | House |
| 20:34 | Build | House |
| 21:07 | Research | Castle Age |
| 21:22 | Build | House |
| 21:53 | Build | Watch Tower |
Build order — Redlash
First 150 of 245 actions detected
| 0:38 | Build | Town Center |
| 2:26 | Build | House |
| 2:34 | Create | Villager (Male) ×4 |
| 2:34 | Create | Villager (Male) |
| 3:35 | Create | Villager (Male) |
| 3:58 | Create | Villager (Male) |
| 3:58 | Create | Villager (Male) |
| 4:27 | Create | Villager (Male) |
| 4:28 | Create | Villager (Male) |
| 4:35 | Build | Lumber Camp |
| 4:54 | Create | Villager (Male) |
| 4:57 | Build | House |
| 5:25 | Create | Villager (Male) |
| 5:25 | Create | Villager (Male) |
| 6:11 | Create | Villager (Male) |
| 6:27 | Build | House |
| 6:50 | Create | Villager (Male) ×4 |
| 6:51 | Create | Villager (Male) ×4 |
| 7:31 | Build | Mill |
| 8:26 | Create | Villager (Male) |
| 8:26 | Create | Villager (Male) |
| 8:26 | Create | Villager (Male) |
| 8:26 | Create | Villager (Male) |
| 8:54 | Build | House |
| 9:15 | Build | House |
| 9:27 | Build | Mill |
| 10:12 | Create | Villager (Male) |
| 10:12 | Create | Villager (Male) |
| 10:24 | Build | House |
| 10:38 | Build | Barracks |
| 10:49 | Create | Villager (Male) |
| 11:10 | Build | Mining Camp |
| 11:13 | Research | Feudal Age |
| 11:13 | Research | Feudal Age |
| 11:33 | Research | Loom |
| 11:56 | Build | Palisade Wall |
| 11:57 | Build | Palisade Wall |
| 12:04 | Create | Villager (Male) |
| 13:37 | Age | Feudal Age |
| 13:39 | Build | Market |
| 13:41 | Build | Blacksmith |
| 14:43 | Research | Castle Age |
| 14:43 | Research | Castle Age |
| 15:45 | Research | Double-Bit Axe |
| 15:46 | Research | Double-Bit Axe |
| 16:09 | Create | Villager (Male) |
| 17:22 | Age | Castle Age |
| 17:26 | Build | Town Center |
| 17:36 | Create | Villager (Male) |
| 17:41 | Build | Town Center |
| 17:42 | Research | Bow Saw |
| 17:42 | Research | Bow Saw |
| 17:55 | Create | Villager (Male) |
| 18:15 | Research | Horse Collar |
| 18:32 | Create | Villager (Male) |
| 18:45 | Create | Villager (Male) |
| 18:45 | Create | Villager (Male) |
| 18:55 | Create | Villager (Male) |
| 18:55 | Create | Villager (Male) |
| 18:56 | Create | Villager (Male) |
| 19:01 | Create | Villager (Male) |
| 19:01 | Create | Villager (Male) |
| 19:11 | Create | Villager (Male) |
| 19:11 | Create | Villager (Male) |
| 19:41 | Build | Farm |
| 19:43 | Build | Farm |
| 19:46 | Build | Farm |
| 19:49 | Create | Villager (Male) |
| 19:50 | Create | Villager (Male) |
| 19:53 | Build | Farm |
| 19:54 | Build | Farm |
| 19:58 | Build | Farm |
| 20:00 | Build | Farm |
| 20:05 | Build | Monastery |
| 20:09 | Build | House |
| 20:13 | Create | Villager (Male) |
| 20:13 | Create | Villager (Male) |
| 20:13 | Create | Villager (Male) |
| 20:32 | Create | Villager (Male) |
| 20:32 | Create | Villager (Male) |
| 20:33 | Create | Villager (Male) |
| 20:36 | Build | Farm |
| 20:45 | Create | Villager (Male) |
| 20:46 | Create | Villager (Male) |
| 20:48 | Build | Farm |
| 20:50 | Build | Farm |
| 20:54 | Create | Monk |
| 20:59 | Build | Farm |
| 21:00 | Build | Farm |
| 21:00 | Build | Farm |
| 21:00 | Build | Farm |
| 21:00 | Build | Farm |
| 21:01 | Build | Farm |
| 21:04 | Build | Farm |
| 21:06 | Create | Villager (Male) |
| 21:06 | Create | Villager (Male) |
| 21:06 | Create | Villager (Male) |
| 21:20 | Create | Villager (Male) |
| 21:20 | Create | Villager (Male) |
| 21:22 | Build | Farm |
| 21:27 | Create | Villager (Male) |
| 21:27 | Create | Villager (Male) |
| 21:40 | Build | House |
| 21:43 | Build | Farm |
| 21:45 | Build | House |
| 21:53 | Create | Villager (Male) |
| 21:54 | Create | Villager (Male) |
| 21:59 | Build | Farm |
| 22:01 | Build | Farm |
| 22:09 | Create | Villager (Male) |
| 22:12 | Build | Farm |
| 22:16 | Build | House |
| 22:22 | Build | Farm |
| 22:31 | Create | Villager (Male) |
| 22:31 | Create | Villager (Male) |
| 22:36 | Build | House |
| 22:47 | Build | Farm |
| 22:48 | Build | Farm |
| 22:49 | Build | Farm |
| 22:52 | Build | Farm |
| 22:52 | Build | Farm |
| 23:08 | Create | Villager (Male) |
| 23:09 | Create | Villager (Male) |
| 23:09 | Create | Villager (Male) |
| 23:14 | Build | Farm |
| 23:15 | Build | Farm |
| 23:16 | Build | Farm |
| 23:20 | Build | Farm |
| 23:30 | Create | Villager (Male) |
| 23:30 | Create | Villager (Male) |
| 23:33 | Build | Farm |
| 23:34 | Build | Farm |
| 23:40 | Create | Villager (Male) |
| 23:41 | Create | Monk |
| 23:48 | Build | House |
| 23:49 | Build | House |
| 23:50 | Build | House |
| 23:51 | Build | House |
| 23:57 | Build | Mining Camp |
| 24:01 | Create | Villager (Male) |
| 24:01 | Create | Villager (Male) |
| 24:01 | Create | Villager (Male) |
| 24:18 | Create | Villager (Male) |
| 24:18 | Create | Villager (Male) |
| 24:18 | Create | Villager (Male) |
| 24:19 | Research | Stone Mining |
| 24:21 | Research | Gold Mining |
| 24:24 | Research | Heavy Plow |
| 24:29 | Build | Town Center |
| 24:33 | Research | Scale Mail Armor |
Build order — llllllllllllllll
First 150 of 170 actions detected
| 0:26 | Build | Town Center |
| 2:57 | Create | Villager (Male) |
| 2:58 | Create | Villager (Male) |
| 2:58 | Create | Villager (Male) |
| 3:17 | Build | House |
| 4:13 | Create | Villager (Male) |
| 4:41 | Create | Villager (Male) |
| 4:53 | Build | House |
| 5:05 | Create | Villager (Male) |
| 5:13 | Create | Villager (Male) |
| 5:34 | Create | Villager (Male) |
| 5:53 | Build | Lumber Camp |
| 6:00 | Create | Villager (Male) |
| 6:39 | Create | Villager (Male) |
| 7:03 | Create | Villager (Male) |
| 7:09 | Build | House |
| 7:18 | Create | Villager (Male) |
| 7:51 | Create | Villager (Male) |
| 8:06 | Create | Villager (Male) |
| 8:18 | Build | Dock |
| 8:47 | Build | Mill |
| 8:48 | Create | Villager (Male) |
| 9:14 | Create | Villager (Male) |
| 9:21 | Build | House |
| 9:27 | Create | Villager (Male) |
| 9:45 | Create | Villager (Male) |
| 9:55 | Create | Fishing Ship |
| 9:55 | Create | Fishing Ship |
| 10:20 | Create | Villager (Male) |
| 10:32 | Create | Villager (Male) |
| 10:38 | Build | House |
| 10:43 | Create | Villager (Male) |
| 11:15 | Create | Fishing Ship |
| 11:15 | Create | Villager (Male) |
| 11:49 | Create | Villager (Male) |
| 12:05 | Build | House |
| 12:37 | Research | Loom |
| 12:39 | Build | Mining Camp |
| 12:44 | Research | Feudal Age |
| 12:46 | Build | House |
| 12:49 | Build | Palisade Wall |
| 12:51 | Build | Palisade Gate |
| 13:13 | Create | Fishing Ship |
| 15:12 | Age | Feudal Age |
| 15:14 | Create | Villager (Male) |
| 15:22 | Build | Market |
| 15:24 | Build | Blacksmith |
| 15:36 | Create | Villager (Male) |
| 15:59 | Create | Fishing Ship |
| 16:29 | Research | Castle Age |
| 16:29 | Research | Castle Age |
| 16:46 | Research | Double-Bit Axe |
| 16:59 | Research | Stone Mining |
| 17:04 | Research | Horse Collar |
| 17:38 | Create | Demolition Raft |
| 17:42 | Build | Fish Trap |
| 17:51 | Build | Fish Trap |
| 17:55 | Create | Fishing Ship |
| 18:29 | Create | Fishing Ship |
| 18:50 | Create | Villager (Male) |
| 19:09 | Age | Castle Age |
| 19:10 | Build | Castle |
| 19:16 | Create | Villager (Male) |
| 19:26 | Build | Town Center |
| 19:32 | Research | Bow Saw |
| 19:36 | Create | Villager (Male) |
| 19:47 | Build | House |
| 19:52 | Create | Villager (Male) |
| 20:01 | Create | Villager (Male) |
| 20:06 | Create | Fishing Ship |
| 20:09 | Create | Villager (Male) |
| 20:15 | Build | House |
| 20:16 | Research | Fletching |
| 20:17 | Create | Villager (Male) |
| 20:26 | Create | Villager (Male) |
| 20:40 | Create | Villager (Male) |
| 20:52 | Create | Villager (Male) |
| 20:58 | Create | Rattan Archer |
| 21:04 | Build | House |
| 21:06 | Research | Bodkin Arrow |
| 21:06 | Create | Villager (Male) |
| 21:11 | Create | Villager (Male) |
| 21:17 | Create | Rattan Archer |
| 21:20 | Create | Villager (Male) |
| 21:29 | Build | Town Center |
| 21:37 | Create | Rattan Archer |
| 21:40 | Create | Villager (Male) |
| 21:51 | Create | Rattan Archer |
| 22:04 | Create | Villager (Male) |
| 22:09 | Create | Villager (Male) |
| 22:11 | Create | Rattan Archer |
| 22:25 | Build | Fish Trap |
| 22:46 | Build | University |
| 22:49 | Create | Villager (Male) |
| 22:59 | Build | Fish Trap |
| 22:59 | Create | Villager (Male) |
| 23:01 | Create | Rattan Archer |
| 23:04 | Research | Wheelbarrow |
| 23:08 | Create | Villager (Male) |
| 23:19 | Create | Rattan Archer |
| 23:38 | Create | Rattan Archer |
| 23:47 | Build | Town Center |
| 23:53 | Create | Villager (Male) |
| 23:58 | Create | Villager (Male) |
| 23:59 | Research | Town Watch |
| 24:01 | Create | Rattan Archer |
| 24:18 | Build | Fish Trap |
| 24:18 | Research | Ballistics |
| 24:19 | Create | Villager (Male) |
| 24:37 | Create | Villager (Male) |
| 24:38 | Create | Villager (Male) |
| 24:39 | Research | Padded Archer Armor |
| 24:53 | Build | Fish Trap |
| 24:57 | Build | Fish Trap |
| 24:59 | Create | Villager (Male) |
| 25:02 | Build | Farm |
| 25:03 | Build | Farm |
| 25:04 | Build | Farm |
| 25:06 | Create | Rattan Archer |
| 25:16 | Build | Farm |
| 25:17 | Create | Villager (Male) |
| 25:21 | Create | Rattan Archer |
| 25:24 | Create | Villager (Male) |
| 25:29 | Build | House |
| 25:30 | Build | House |
| 25:33 | Build | Palisade Wall |
| 25:43 | Create | Rattan Archer |
| 25:46 | Create | Rattan Archer |
| 25:47 | Create | Villager (Male) |
| 25:54 | Create | Rattan Archer |
| 26:18 | Create | Villager (Male) |
| 26:19 | Create | Rattan Archer |
| 26:32 | Create | Rattan Archer |
| 26:36 | Create | Villager (Male) |
| 26:50 | Create | Rattan Archer |
| 26:55 | Create | Villager (Male) |
| 27:01 | Create | Rattan Archer |
| 27:11 | Create | Rattan Archer |
| 27:12 | Create | Villager (Male) |
| 27:13 | Create | Villager (Male) |
| 27:15 | Research | Hand Cart |
| 27:18 | Create | Rattan Archer |
| 27:28 | Create | Rattan Archer |
| 27:39 | Create | Villager (Male) |
| 27:39 | Create | Rattan Archer |
| 27:48 | Build | Farm |
| 27:49 | Create | Villager (Male) |
| 27:58 | Build | Watch Tower |
| 27:59 | Create | Rattan Archer |
| 28:14 | Create | Rattan Archer |
Build order — Manuel hormigaiper
First 150 of 208 actions detected
| 0:24 | Build | Town Center |
| 1:56 | Build | House |
| 2:45 | Create | Villager (Male) ×4 |
| 2:45 | Create | Villager (Male) ×4 |
| 3:37 | Create | Villager (Male) |
| 3:37 | Create | Villager (Male) |
| 4:10 | Build | House |
| 4:21 | Create | Villager (Male) |
| 4:22 | Create | Villager (Male) |
| 4:48 | Create | Villager (Male) |
| 4:49 | Create | Villager (Male) |
| 4:55 | Build | Lumber Camp |
| 5:07 | Create | Villager (Male) |
| 5:07 | Create | Villager (Male) |
| 5:07 | Create | Villager (Male) |
| 5:24 | Create | Villager (Male) |
| 5:24 | Create | Villager (Male) |
| 5:24 | Create | Villager (Male) |
| 5:45 | Create | Villager (Male) |
| 5:45 | Create | Villager (Male) |
| 6:03 | Create | Villager (Male) |
| 6:03 | Create | Villager (Male) |
| 6:08 | Build | House |
| 6:25 | Create | Villager (Male) |
| 6:26 | Create | Villager (Male) |
| 6:47 | Create | Villager (Male) |
| 7:07 | Create | Villager (Male) |
| 7:07 | Create | Villager (Male) |
| 7:07 | Create | Villager (Male) |
| 7:07 | Create | Villager (Male) |
| 7:30 | Create | Villager (Male) |
| 7:30 | Create | Villager (Male) |
| 7:35 | Build | Mill |
| 7:51 | Build | House |
| 8:00 | Research | Loom |
| 8:01 | Create | Villager (Male) |
| 8:01 | Create | Villager (Male) |
| 8:01 | Create | Villager (Male) |
| 8:01 | Create | Villager (Male) |
| 8:01 | Create | Villager (Male) |
| 8:08 | Build | House |
| 8:23 | Build | House |
| 8:32 | Build | House |
| 8:40 | Create | Villager (Male) |
| 8:40 | Create | Villager (Male) |
| 8:40 | Create | Villager (Male) |
| 8:47 | Build | Palisade Wall |
| 8:53 | Build | Palisade Wall |
| 8:58 | Create | Villager (Male) |
| 9:02 | Build | House |
| 9:17 | Create | Villager (Male) |
| 10:01 | Build | Mining Camp |
| 10:10 | Create | Villager (Male) |
| 10:33 | Build | Palisade Wall |
| 10:53 | Build | Palisade Wall |
| 10:58 | Research | Feudal Age |
| 11:15 | Build | Palisade Wall |
| 11:17 | Build | Palisade Wall |
| 11:53 | Create | Villager (Male) |
| 11:53 | Create | Villager (Male) |
| 12:00 | Build | House |
| 13:15 | Age | Feudal Age |
| 13:17 | Build | Market |
| 13:19 | Build | Blacksmith |
| 13:48 | Build | Palisade Wall |
| 13:49 | Build | Palisade Wall |
| 14:03 | Build | Palisade Wall |
| 14:05 | Build | Palisade Wall |
| 14:07 | Research | Castle Age |
| 14:07 | Research | Castle Age |
| 14:07 | Research | Castle Age |
| 14:42 | Research | Horse Collar |
| 15:40 | Build | Palisade Wall |
| 15:41 | Build | Palisade Wall |
| 15:43 | Build | Palisade Wall |
| 15:48 | Build | Palisade Wall |
| 16:20 | Build | Palisade Wall |
| 16:32 | Create | Villager (Male) |
| 16:32 | Create | Villager (Male) |
| 16:47 | Age | Castle Age |
| 16:51 | Build | Castle |
| 17:04 | Build | House |
| 17:39 | Create | Villager (Male) |
| 17:47 | Create | Gbeto |
| 17:48 | Create | Gbeto |
| 17:54 | Create | Gbeto |
| 17:55 | Create | Gbeto |
| 18:03 | Create | Gbeto |
| 18:03 | Create | Gbeto |
| 18:09 | Research | Scale Mail Armor |
| 18:10 | Research | Scale Mail Armor |
| 18:47 | Create | Villager (Male) |
| 18:48 | Create | Villager (Male) |
| 19:00 | Create | Gbeto |
| 19:00 | Create | Gbeto |
| 19:03 | Create | Villager (Male) |
| 19:17 | Create | Gbeto |
| 19:17 | Create | Gbeto |
| 19:18 | Create | Gbeto |
| 19:39 | Create | Gbeto |
| 19:39 | Create | Gbeto |
| 19:39 | Create | Gbeto |
| 20:02 | Create | Gbeto |
| 20:02 | Create | Gbeto |
| 20:19 | Create | Gbeto |
| 20:29 | Create | Villager (Male) |
| 20:29 | Create | Gbeto |
| 20:51 | Create | Gbeto |
| 21:07 | Create | Gbeto |
| 21:45 | Create | Gbeto |
| 21:58 | Create | Villager (Male) |
| 21:58 | Create | Gbeto |
| 22:06 | Build | Town Center |
| 22:13 | Create | Villager (Male) |
| 22:29 | Create | Gbeto |
| 22:35 | Create | Villager (Male) |
| 22:35 | Create | Gbeto |
| 22:41 | Build | Town Center |
| 22:58 | Create | Villager (Male) |
| 22:58 | Create | Gbeto |
| 23:21 | Build | Mill |
| 23:32 | Create | Villager (Male) |
| 23:43 | Research | Double-Bit Axe |
| 23:43 | Research | Double-Bit Axe |
| 23:44 | Research | Heavy Plow |
| 23:44 | Research | Heavy Plow |
| 23:44 | Research | Heavy Plow |
| 23:51 | Create | Villager (Male) |
| 23:51 | Create | Villager (Male) |
| 23:51 | Create | Villager (Male) |
| 23:51 | Create | Villager (Male) |
| 24:06 | Build | Mill |
| 24:26 | Create | Villager (Male) ×3 |
| 24:48 | Create | Villager (Male) |
| 24:49 | Create | Villager (Male) |
| 24:54 | Build | Farm |
| 24:55 | Build | Farm |
| 24:57 | Create | Villager (Male) |
| 24:57 | Create | Villager (Male) |
| 25:00 | Create | Villager (Male) |
| 25:01 | Create | Villager (Male) |
| 25:01 | Create | Villager (Male) |
| 25:34 | Create | Villager (Male) |
| 25:35 | Create | Gbeto |
| 25:38 | Build | Farm |
| 25:38 | Build | Farm |
| 25:39 | Build | Farm |
| 25:45 | Create | Villager (Male) |
| 25:45 | Create | Villager (Male) |
| 25:45 | Create | Villager (Male) |
Match timeline
| 6:33 | RomaSaga · wall_segment Palisade Wall x1 |
| 7:16 | RomaSaga · wall_segment Palisade Wall x1 |
| 7:17 | RomaSaga · wall_segment Palisade Wall x1 |
| 7:18 | RomaSaga · wall_segment Palisade Wall x1 |
| 8:18 | llllllllllllllll · first_building Dock |
| 8:47 | Manuel hormigaiper · wall_segment Palisade Wall x1 |
| 8:53 | Manuel hormigaiper · wall_segment Palisade Wall x1 |
| 9:18 | Viva Cristo · first_building Barracks |
| 9:32 | RomaSaga · first_building Barracks |
| 10:33 | Manuel hormigaiper · wall_segment Palisade Wall x1 |
| 10:38 | Redlash · first_building Barracks |
| 10:53 | Manuel hormigaiper · wall_segment Palisade Wall x1 |
| 10:54 | AAOE | khermir · wall_segment Palisade Wall x1 |
| 11:15 | Manuel hormigaiper · wall_segment Palisade Wall x1 |
| 11:17 | Manuel hormigaiper · wall_segment Palisade Wall x1 |
| 11:31 | Bad Panda · first_building Barracks |
| 11:56 | Redlash · wall_segment Palisade Wall x1 |
| 11:57 | Redlash · wall_segment Palisade Wall x1 |
| 12:26 | Bad Panda · wall_segment Palisade Wall x4 |
| 12:30 | Bad Panda · wall_segment Palisade Wall x2 |
| 12:37 | Viva Cristo · age_up feudal |
| 12:43 | AAOE | khermir · first_building Barracks |
| 12:49 | llllllllllllllll · wall_segment Palisade Wall x1 |
| 13:03 | Bad Panda · age_up feudal |
| 13:10 | Bad Panda · first_building Archery Range |
| 13:15 | Manuel hormigaiper · age_up feudal |
| 13:37 | Redlash · age_up feudal |
| 13:39 | Joaquin12 · age_up feudal |
| 13:48 | Manuel hormigaiper · wall_segment Palisade Wall x1 |
| 13:49 | Manuel hormigaiper · wall_segment Palisade Wall x1 |
| 14:03 | Manuel hormigaiper · wall_segment Palisade Wall x1 |
| 14:05 | Manuel hormigaiper · wall_segment Palisade Wall x1 |
| 14:13 | Bad Panda · wall_segment Palisade Wall x6 |
| 14:26 | RomaSaga · age_up feudal |
| 14:26 | Redlash · first_market_buy 100 food |
| 14:27 | Redlash · first_market_sell 100 stone |
| 14:30 | AAOE | khermir · age_up feudal |
| 14:35 | RomaSaga · first_building Archery Range |
| 14:38 | AAOE | khermir · first_building Archery Range |
| 14:39 | Joaquin12 · wall_segment Palisade Wall x1 |
| 14:41 | Joaquin12 · wall_segment Palisade Wall x1 |
| 14:43 | Joaquin12 · wall_segment Palisade Wall x1 |
| 14:47 | Joaquin12 · wall_segment Palisade Wall x1 |
| 14:48 | Joaquin12 · wall_segment Palisade Wall x1 |
| 14:50 | Joaquin12 · wall_segment Palisade Wall x1 |
| 14:51 | Bad Panda · wall_segment Palisade Wall x16 |
| 15:12 | llllllllllllllll · age_up feudal |
| 15:24 | Joaquin12 · wall_segment Palisade Wall x1 |
| 15:40 | Manuel hormigaiper · wall_segment Palisade Wall x1 |
| 15:41 | Manuel hormigaiper · wall_segment Palisade Wall x1 |
| 15:43 | Manuel hormigaiper · wall_segment Palisade Wall x1 |
| 15:48 | Manuel hormigaiper · wall_segment Palisade Wall x1 |
| 16:02 | Bad Panda · wall_segment Palisade Wall x8 |
| 16:20 | Manuel hormigaiper · wall_segment Palisade Wall x1 |
| 16:37 | AAOE | khermir · wall_segment Palisade Wall x1 |
| 16:47 | Manuel hormigaiper · age_up castle |
| 16:51 | Manuel hormigaiper · first_building Castle |
| 17:13 | Joaquin12 · age_up castle |
| 17:22 | Redlash · age_up castle |
| 17:25 | Joaquin12 · first_building Castle |
| 17:41 | Manuel hormigaiper · first_market_sell 500 stone |
| 18:02 | Manuel hormigaiper · first_market_buy 100 food |
| 18:29 | AAOE | khermir · age_up castle |
| 18:29 | Joaquin12 · first_building Siege Workshop |
| 18:51 | Bad Panda · first_market_sell 100 wood |
| 18:54 | Bad Panda · first_market_buy 100 food |
| 19:09 | llllllllllllllll · age_up castle |
| 19:10 | llllllllllllllll · first_building Castle |
| 20:05 | Redlash · first_building Monastery |
| 21:57 | RomaSaga · age_up castle |
| 22:01 | Viva Cristo · age_up castle |
| 22:27 | RomaSaga · resign |
| 24:35 | AAOE | khermir · first_building Stable |
| 25:33 | llllllllllllllll · wall_segment Palisade Wall x1 |
| 26:33 | Redlash · first_building Castle |
| 28:08 | Joaquin12 · first_market_buy 100 wood |
| 28:54 | Redlash · first_building Siege Workshop |
[ AI ANALYSIS · 1 CREDIT ]
What really happened in this match?
Wolo.gg analyzes every decision: build order, eco, micro, common mistakes by bracket. Personalized analysis on WhatsApp or Discord in 30 seconds.
Civ guide
Mongols
Perfil
Jugador #331639